 Dungeon Crawl Stone Soup version 0.28-a0-969-g2dcde036d2 (webtiles) character file.

Game seed: 16300052570213245745

223867 Ijustatesigmund the Prestidigitator (level 19, -16/149 HPs)
             Began as a Gnoll Artificer on Dec 1, 2021.
             Was the Champion of Cheibriados.
             Killed from afar by Roxanne (33 damage)
             ... with a bolt of magma
             ... on level 2 of the Shoals.
             The game lasted 01:55:40 (42732 turns).

Ijustatesigmund the Prestidigitator (GnAr)         Turns: 42732, Time: 01:55:40

Health: -16/149    AC: 37    Str: 34    XL:     19   Next: 28%
Magic:  27/36      EV: 19    Int: 37    God:    Cheibriados [******]
Gold:   1889       SH: 22    Dex: 33    Spells: 38/44 levels left

rFire   + . .      SeeInvis +   H - +3 demon trident (elec)
rCold   . . .      Faith    .   l - +1 kite shield "Zimp" {rC- Slay+4}
rNeg    + . .      Spirit   .   t - +8 orange crystal plate armour {Archmagi, Int+3 Clar}
rPois   +          Reflect  +   s - +2 hat
rElec   .          Harm     .   e - scarf {rC+ rF+}
rCorr   .          Rampage  .   G - +2 pair of gloves
Will    ++...      Archmagi +   f - +0 pair of boots "Rueth" {Will+ Int+5}
Stlth   .......... Clarity  +   O - amulet of reflection
HPRegen 0.34/turn               V - ring "Fataf" {rN+ Str+6 Dex+2 SInv Stlth+}
MPRegen 0.25/turn               A - ring of poison resistance

@: mighty, very slow
A: fangs 1, strong nose, distributed training, mutation resistance 1
}: 1/15 runes: serpentine
a: Renounce Religion, Bend Time, Temporal Distortion, Slouch, Step From Time


You were on level 2 of the Shoals.
You worshipped Cheibriados.
Cheibriados was exalted by your worship.
You visited 7 branches of the dungeon, and saw 31 of its levels.
You also visited: Sewer, Gauntlet and Ice Cave.

You collected 7702 gold pieces.
You spent 5813 gold pieces at shops.

Inventory:

Hand Weapons
 a - a +3 war axe of flaming
 H - a +3 demon trident of electrocution (weapon)
 Y - the +1 broad axe of Painful Death {vorpal, rElec rC+}
   (You bought it in a shop on level 2 of the Orcish Mines)

   It inflicts extra damage upon your enemies.
   rC:        It protects you from cold.
   rElec:     It insulates you from electricity.
Missiles
 E - 10 curare-tipped darts (quivered)
 L - 9 javelins
Armour
 e - a scarf of resistance (worn)
 f - the +0 pair of boots "Rueth" (worn) {Will+ Int+5}
   (You bought it in a shop on level 2 of the Orcish Mines)

   Int:       It affects your intelligence (+5).
   Will:      It increases your willpower.
 l - the +1 kite shield "Zimp" (worn) {rC- Slay+4}
   (You found it on level 4 of the Dungeon)

   Slay:      It affects your accuracy & damage with ranged weapons and melee
   (+4).
   rC:        It makes you vulnerable to cold.
 s - a +2 hat (worn)
 t - the +8 orange crystal plate armour (worn) {Archmagi, Int+3 Clar}
   (You found it on level 6 of the Dungeon)

   Int:       It affects your intelligence (+3).
   Clar:      It protects you against confusion.
 G - a +2 pair of gloves (worn)
Jewellery
 b - a ring of protection from fire
 g - a ring of the Octopus King {AC+1 EV+1 Str+1 Int+1 Dex+1 SInv}
   (You found it on level 5 of the Lair of Beasts)

   [ring of see invisible]

   AC:        It affects your AC (+1).
   EV:        It affects your evasion (+1).
   Str:       It affects your strength (+1).
   Int:       It affects your intelligence (+1).
   Dex:       It affects your dexterity (+1).
   SInv:      It lets you see invisible.
 w - a ring of protection from fire
 x - a ring of resist corrosion
 A - a ring of poison resistance (right hand)
 B - a ring of protection from cold
 I - a +4 ring of protection
 J - an amulet of regeneration
 O - an amulet of reflection (around neck)
 S - a ring of willpower
 V - the ring "Fataf" (left hand) {rN+ Str+6 Dex+2 SInv Stlth+}
   (You acquired it on level 5 of the Lair of Beasts)

   [ring of strength]

   Str:       It affects your strength (+6).
   Dex:       It affects your dexterity (+2).
   rN:        It protects you from negative energy.
   SInv:      It lets you see invisible.
   Stlth:     It makes you more stealthy.
Wands
 c - a wand of flame (50)
 j - a wand of polymorph (5)
 u - a wand of paralysis (1)
 N - a wand of digging (8)
Scrolls
 i - 2 scrolls of fog
 n - a scroll of amnesia
 v - 3 scrolls of teleportation
 y - a scroll of silence
 C - 2 scrolls of enchant armour
 P - 4 scrolls of immolation
 T - 2 scrolls of magic mapping
 W - 6 scrolls of identify
 Z - 3 scrolls of holy word
Potions
 h - a potion of ambrosia
 k - 10 potions of curing
 m - 2 potions of attraction
 o - 3 potions of magic
 p - 3 potions of flight
 r - 5 potions of lignification
 z - a potion of resistance
 D - 4 potions of might
 F - 9 potions of brilliance
 K - 4 potions of mutation
Miscellaneous
 M - a phantom mirror
 Q - a tin of tremorstones (2/2)


   Skills:
 + Level 13.2 Fighting
 + Level 13.0 Short Blades
 + Level 13.0 Long Blades
 + Level 13.0 Axes
 + Level 13.0 Maces & Flails
 + Level 13.0 Polearms
 + Level 13.0 Staves
 + Level 13.0 Slings
 + Level 13.0 Bows
 + Level 13.0 Crossbows
 + Level 13.0 Throwing
 + Level 13.7 Armour
 + Level 13.2 Dodging
 + Level 13.2 Stealth
 + Level 13.0 Shields
 + Level 13.0 Unarmed Combat
 + Level 13.0 Spellcasting
 + Level 11.0 Conjurations
 + Level 11.0 Hexes
 + Level 11.0 Summonings
 + Level 11.0 Necromancy
 + Level 11.0 Translocations
 + Level 11.0 Transmutations
 + Level 11.0 Fire Magic
 + Level 11.0 Ice Magic
 + Level 11.0 Air Magic
 + Level 11.0 Earth Magic
 + Level 11.0 Poison Magic
 + Level 14.1 Invocations
 + Level 14.4 Evocations


You had 38 spell levels left.
You knew the following spells:

 Your Spells              Type           Power      Damage    Failure   Level
a - Magic Dart            Conj           100%       1d8       1%          1
b - Borgnjor's Vile Clut  Necr/Erth      51%        N/A       9%          5

Your spell library contained the following spells:

 Spells                   Type           Power      Damage    Failure   Level
 Foxfire                  Conj/Fire      100%       2x1d9     1%          1
 Slow                     Hex            100%       N/A       1%          1
 Call Imp                 Summ           100%       N/A       1%          2
 Sublimation of Blood     Necr           100%       N/A       1%          2
 Conjure Flame            Conj/Fire      100%       6-21      1%          3
 Ignite Poison            Fire/Tmut/Pois 100%       N/A       1%          3
 Inner Flame              Hex/Fire       100%       N/A       1%          3
 Mephitic Cloud           Conj/Pois/Air  100%       N/A       1%          3
 Ozocubu's Armour         Ice            100%       N/A       1%          3
 Summon Guardian Golem    Hex/Summ       100%       N/A       1%          3
 Flame Wave               Conj/Fire      100%       2d14      3%          4
 Sticky Flame             Conj/Fire      100%       2d11      3%          4
 Summon Ice Beast         Ice/Summ       100%       N/A       3%          4
 Fireball                 Conj/Fire      51%        3d20      9%          5
 Freezing Cloud           Conj/Ice/Air   51%        6-21      9%          5
 Iskenderun's Battlesphe  Conj           100%       2d15      9%          5
 Metabolic Englaciation   Hex/Ice        51%        N/A       9%          5
 Conjure Ball Lightning   Conj/Air       51%        3x3d18    41%         6
 Dispersal                Tloc           51%        N/A       41%         6
 Simulacrum               Ice/Necr       51%        N/A       41%         6
 Starburst                Conj/Fire      51%        6d14      41%         6
 Malign Gateway           Summ/Tloc      51%        N/A       94%         7
 Orb of Destruction       Conj           51%        9d16      94%         7
 Spellforged Servitor     Conj/Summ      51%        N/A       94%         7
 Disjunction              Tloc           51%        N/A       100%        8
 Ignition                 Fire           51%        3d14      100%        8
 Summon Horrible Things   Summ           51%        N/A       100%        8
 Polar Vortex             Ice            51%        N/A       100%        9


Dungeon Overview and Level Annotations

Branches:
Dungeon (15/15)            Temple (1/1) D:6            Lair (6/6) D:8
 Shoals (2/4) Lair:4        Snake (4/4) Lair:2          Orc (2/2) D:9
    Elf (0/3) Orc:2        Vaults (1/5) D:14         Depths (0/4) D:15
  Sewer (visited)           IceCv (visited)         Gauntlet (visited)
  Slime: Lair:5-6

Altars:
Ashenzari
Cheibriados
Dithmenos
Elyvilon
Fedhas
Gozag
Hepliaklqana
Kikubaaqudgha
Makhleb
Nemelex Xobeh
Okawaru
Qazlal
Ru
Sif Muna
Trog
Uskayaw
Vehumet
Wu Jian
Xom
Yredelemnul
Zin
The Shining One
Beogh

Shops:
D:1 !   D:2 (   D:5 *   D:7 *   D:13 *   D:15 *   Orc:2 =(:?=[*   Snake:2 :==
Snake:3 **?[!?   Vaults:1 (

Portals:
Hell: Lair:6
Trove: D:13 (give +4 shadow dragon scales)

Annotations:
D:5 3 runed translucent doors, paps's ghost, weakling OpDe
Lair:3 2 transporters, generaletaddeo's ghost, journeyman HuNe
Lair:4 exclusion: 4 oklob plants
Lair:5 1 runed translucent door, Relluig's ghost, journeyman DsFi
Shoals:2 Roxanne
Orc:2 2 transporters, anet's ghost, journeyman GnDe


Innate Abilities, Weirdness & Mutations

You have very sharp teeth.
Your uncanny sense of smell can sniff out nearby items.
Your experience applies equally to all skills.
You are somewhat resistant to further mutation.


Message History

* * * LOW HITPOINT WARNING * * *
Okay, then.
Okay, then.
You feel much better.
The merfolk javelineer throws a silver javelin.
The silver javelin barely misses you. You block the sea snake's attack.
The water nymph touches you. The water nymph drowns you!
You feel very mighty all of a sudden.
The merfolk javelineer throws a silver javelin.
The silver javelin pierces through you!
* * * LOW HITPOINT WARNING * * *
The silver sears you!
* * * LOW HITPOINT WARNING * * *
The sea snake closely misses you. You block the snapping turtle's attack.
You block the water nymph's attack.
You puncture Roxanne!
Roxanne is moderately damaged.
You block the sea snake's attack.
The merfolk javelineer throws a silver javelin.
The silver javelin pierces through you!
* * * LOW HITPOINT WARNING * * *
The silver sears you!
* * * LOW HITPOINT WARNING * * *
You block the snapping turtle's attack.
You step out of the flow of time.
You return to the normal time flow.
You impale Roxanne!!
Roxanne is lightly damaged.
You impale Roxanne!! You bite Roxanne.
Roxanne is moderately damaged.
Roxanne mumbles some strange words.
The bolt of magma misses you.
You puncture Roxanne!
Roxanne is moderately damaged.
You hit Roxanne. You bite Roxanne!
Roxanne is heavily damaged.
You puncture Roxanne!
Roxanne is heavily damaged.
Roxanne mumbles some strange words.
The bolt of magma hits you!! You partially resist.
You die...

####.≈≈≈≈≈≈≈≈≈≈
#....≈≈≈≈≈≈≈≈≈≈
#.....≈≈≈≈≈≈≈≈≈
##.....≈≈≈≈≈≈≈≈≈
.......≈≈≈≈≈≈≈≈.
.......≈≈≈≈≈≈...
.............P.#
≈...$.....≈.).....P..#
≈≈≈≈≈≈≈≈≈≈≈.8@........
≈≈≈≈≈≈≈≈≈≈≈...........
≈≈≈≈≈≈≈≈≈≈.}.........#
≈≈≈≈≈≈≈≈.........P..P#
≈≈≈≈≈...............P.
≈≈≈≈<.............P..!
≈≈.....<.........P...#
≈≈.....÷.)........###
≈≈≈....).)≈≈...


You could see Roxanne.

Vanquished Creatures
  Vashnia (Snake:3)
  Saint Roka (Snake:1)
  2 nagarajas
  A vault warden (D:14)
  An orc warlord (Orc:1)
  Louise (Snake:3)
  Aizul (Snake:1)
  5 ironbound preservers
  A quicksilver ooze (Gauntlet)
  Nessos (Lair:5)
  A minotaur (Gauntlet)
  3 dire elephants (D:14)
  An ettin (D:15)
  A merfolk impaler (Shoals:1)
  3 yaktaur captains (Vaults:1)
  Snorg (Lair:3)
  16 naga warriors
  2 salamander tyrants (Snake:4)
  4 boulder beetles
  An ironbound thunderhulk (Vaults:1)
  12 hydras
  3 vault guards
  6 ironbound frosthearts
  8 anacondas
  23 centaur warriors
  2 catoblepae
  3 death knights
  8 death yaks
  6 two-headed ogres
  An orc high priest (Orc:2)
  6 tengu warriors
  14 shock serpents
  9 naga sharpshooters
  A soul eater (Gauntlet)
  Nergalle (Orc:2)
  A sun demon (Lair:6)
  A deep elf knight (D:13)
  Sonja (Lair:2)
  2 salamander mystics (Snake:4)
  2 skeletal warriors
  23 deep trolls
  3 sea snakes
  An ironbound convoker (D:14)
  5 orc knights
  3 necromancers
  3 naga ritualists
  5 wizards
  Pikel (D:7)
  7 lindwurms
  2 deep elf pyromancers
  12 mana vipers
  3 large abominations (Gauntlet)
  3 harpies (Shoals:1)
  7 manticores
  2 orc sorcerers (Orc:2)
  A wolf spider (D:13)
  15 ugly things
  7 cyclopes
  14 salamanders
  A shining eye (Gauntlet)
  2 merfolk sirens (Lair:4)
  7 vault sentinels (Vaults:1)
  9 naga magi
  Joseph (D:9)
  5 guardian serpents (Snake:4)
  8 elephants (Lair:4)
  36 black mambas
  A water nymph (Shoals:1)
  4 gargoyles
  An ice statue (IceCv)
  3 orange demons (Lair:6)
  A torpor snail (Lair:4)
  A guardian serpent (shapeshifter) (D:14)
  Psyche (D:11)
  7 cane toads
  16 rime drakes
  A kobold demonologist (D:11)
  A hellwing (Lair:6)
  A komodo dragon (shapeshifter) (D:11)
  3 tengu conjurers
  2 red devils (Lair:6)
  3 ice devils (Lair:6)
  5 freezing wraiths
  An unseen horror (D:10)
  10 komodo dragons
  14 yaktaurs
  An efreet (D:15)
  A queen bee (Lair:4)
  7 merfolk
  5 meliai
  Prince Ribbit (D:7)
  10 trolls
  A wolf spider simulacrum (D:15)
  7 polar bears
  8 blink frogs
  6 slime creatures (D:12)
  4 flying skulls (Gauntlet)
  Sigmund (D:2)
  3 shadows
  7 wraiths
  3 wyverns
  75 yaks
  A fire elemental (Lair:1)
  A vampire (D:9)
  5 small abominations (Gauntlet)
  10 fire bats (Lair:1)
  6 basilisks
  Eustachio (D:6)
  7 vampire mosquitoes
  A steam dragon (D:8)
  4 swamp worms (Lair:5)
  27 nagas
  7 wargs
  2 acid dragons
  Duvessa (D:7)
  19 water moccasins
  3 hell hounds (Lair:6)
  2 floating eyes (Gauntlet)
  A black bear (D:8)
  An ice beast (D:6)
  36 orc warriors
  A boggart (D:13)
  27 wolves
  3 ogres
  11 centaurs
  2 lemures (D:7)
  3 kobold brigands
  13 bullfrogs
  3 scorpions
  A wyvern zombie (D:7)
  Dowan (D:7)
  44 killer bees
  2 howler monkeys
  6 electric eels
  A lava snake (Lair:1)
  4 crimson imps (D:5)
  3 bullfrog zombies
  3 centaur zombies
  6 hounds
  Crazy Yiuf (D:6)
  17 orc priests
  A centaur skeleton (D:5)
  2 iguanas
  Ijyb (D:3)
  21 orc wizards
  Natasha (D:2)
  6 hell rats (Lair:4)
  A hound skeleton (D:4)
  A mummy (D:5)
  A howler monkey zombie (D:11)
  A howler monkey skeleton (D:5)
  3 river rats
  4 adders
  4 shadow imps (Gauntlet)
  An ufetubus (D:7)
  2 worms
  3 dart slugs
  80 orcs
  2 ball pythons
  2 bats
  4 endoplasms
  4 giant cockroaches
  3 goblins
  9 hobgoblins
  3 jackals (D:2)
  25 kobolds
  A quokka (D:3)
  2 frilled lizards
  3 hobgoblin zombies (D:5)
  An orc zombie (D:5)
  6 rats
  8 briar patches (Lair:5)
  9 bushes
1062 creatures vanquished.

Vanquished Creatures (collateral kills)
  A worm (D:3)
  An orc (D:5)
  A ball python (D:3)
  2 kobolds (Sewer)
  A rat (Sewer)
6 creatures vanquished.

Vanquished Creatures (others)
  An orc knight (Orc:1)
  A phantasmal warrior (D:13)
  A guardian serpent (Snake:2)
  2 polar bears (IceCv)
  A human (D:8)
  A killer bee (D:9)
  An orc wizard (Orc:2)
  An orc (D:5)
  A jackal (Sewer)
  A briar patch (Lair:5)
  A demonic plant (Gauntlet)
  49 fungi
  55 plants
  2 withered plants (Lair:5)
118 creatures vanquished.

Grand Total: 1186 creatures vanquished

Notes
Turn   | Place    | Note
-------+----------+-------------------------------------------
     0 | D:1      | Ijustatesigmund the Gnoll Artificer began the quest for the
                  | Orb.
     0 | D:1      | Reached XP level 1. HP: 17/17 MP: 1/1
   407 | D:1      | Reached XP level 2. HP: 23/23 MP: 2/2
   412 | D:1      | Found a faded altar of an unknown god.
   417 | D:1      | Got Plato's Disquisition on Enchantment
   461 | D:1      | Found Luas's Distillery.
   863 | D:2      | Reached XP level 3. HP: 27/28 MP: 3/3
  1115 | D:2      | Found Pueny's Weapon Shoppe.
  1274 | D:2      | Reached skill level 1 in Invocations
  1314 | D:2      | Noticed Sigmund
  1380 | D:3      | Reached skill level 1 in Short Blades
  1380 | D:3      | Reached skill level 1 in Long Blades
  1380 | D:3      | Reached skill level 1 in Axes
  1380 | D:3      | Reached skill level 1 in Maces & Flails
  1380 | D:3      | Reached skill level 1 in Polearms
  1380 | D:3      | Reached skill level 1 in Staves
  1380 | D:3      | Reached skill level 1 in Slings
  1380 | D:3      | Reached skill level 1 in Bows
  1380 | D:3      | Reached skill level 1 in Crossbows
  1380 | D:3      | Reached skill level 1 in Throwing
  1380 | D:3      | Reached skill level 1 in Shields
  1380 | D:3      | Reached skill level 1 in Unarmed Combat
  1380 | D:3      | Reached skill level 1 in Spellcasting
  1389 | D:3      | Reached XP level 4. HP: 29/34 MP: 5/5
  1438 | D:3      | Found a glowing drain.
  1486 | Sewer    | Entered a sewer
  1582 | Sewer    | Noticed a kobold brigand
  1609 | Sewer    | Killed a kobold brigand
  1610 | Sewer    | Reached skill level 1 in Conjurations
  1610 | Sewer    | Reached skill level 1 in Hexes
  1610 | Sewer    | Reached skill level 1 in Summonings
  1610 | Sewer    | Reached skill level 1 in Necromancy
  1610 | Sewer    | Reached skill level 1 in Translocations
  1610 | Sewer    | Reached skill level 1 in Transmutations
  1610 | Sewer    | Reached skill level 1 in Fire Magic
  1610 | Sewer    | Reached skill level 1 in Ice Magic
  1610 | Sewer    | Reached skill level 1 in Air Magic
  1610 | Sewer    | Reached skill level 1 in Earth Magic
  1610 | Sewer    | Reached skill level 1 in Poison Magic
  1610 | Sewer    | Reached XP level 5. HP: 28/40 MP: 5/7
  1758 | Sewer    | Found a white marble altar of Elyvilon.
  2296 | D:3      | Noticed Ijyb
  2299 | D:3      | Paralysed by Ijyb for 3 turns
  2321 | D:3      | Killed Ijyb
  2447 | D:3      | Found a broken altar of Ashenzari.
  2878 | D:4      | Reached XP level 6. HP: 44/47 MP: 8/8
  2979 | D:4      | Identified the +1 kite shield "Zimp" {rC- Slay+4}
  3675 | D:5      | Entered Level 5 of the Dungeon
  3687 | D:5      | Reached skill level 5 in Armour
  3825 | D:5      | Found a hide-covered altar of Uskayaw.
  4077 | D:5      | Reached XP level 7. HP: 42/52 MP: 10/10
  4150 | D:5      | Found Dokki's Lightly-Used Armoury.
  4559 | D:5      | Found a shimmering altar of Xom.
  4767 | D:5      | Found a runed translucent gate.
  4770 | D:5      | Found a runed translucent gate.
  4770 | D:5      | Found an opulent altar of Gozag.
  4771 | D:5      | Found a runed translucent gate.
  4771 | D:5      | Noticed a two-headed ogre
  4772 | D:5      | Noticed paps's ghost (weakling OpDe)
  4973 | D:2      | Killed Sigmund
  4974 | D:2      | Reached XP level 8. HP: 58/60 MP: 12/12
  5023 | D:2      | Noticed Natasha
  5030 | D:2      | Killed Natasha
  5598 | D:6      | Identified the +3 hunting sling of the Genius {venom, rPois
                  | rN+ Int+3}
  5608 | D:6      | Found a runed translucent door.
  5609 | D:6      | Noticed Crazy Yiuf
  5615 | D:6      | Killed Crazy Yiuf
  5668 | D:6      | Found the +8 orange crystal plate armour {Archmagi, Int+3
                  | Clar}
  5859 | D:1      | Bought a potion of heal wounds for 60 gold pieces
  5859 | D:1      | Bought a potion of heal wounds for 60 gold pieces
  5859 | D:1      | Bought a potion of curing for 36 gold pieces
  5859 | D:1      | Bought a potion of heal wounds for 60 gold pieces
  6052 | D:6      | Found a staircase to the Ecumenical Temple.
  6191 | Temple   | Entered the Ecumenical Temple
  6262 | Temple   | Became a worshipper of Cheibriados the Contemplative
  6287 | D:6      | Found a glowing silver altar of Zin.
  6335 | D:6      | Noticed Eustachio
  6340 | D:6      | Killed Eustachio
  6691 | D:7      | Noticed Dowan
  6697 | D:7      | Killed Dowan
  6764 | D:7      | Noticed Duvessa
  6769 | D:7      | Killed Duvessa
  6770 | D:7      | Reached XP level 9. HP: 59/66 MP: 10/14
  6830 | D:7      | Found a glowing golden altar of the Shining One.
  6936 | D:7      | Found a white marble altar of Elyvilon.
  7218 | D:7      | Found a shimmering blue altar of Sif Muna.
  7265 | D:7      | Noticed Pikel
  7269 | D:7      | Killed Pikel
  7270 | D:7      | Reached skill level 5 in Fighting
  7270 | D:7      | Reached skill level 5 in Dodging
  7270 | D:7      | Reached skill level 5 in Stealth
  7278 | D:7      | Noticed Prince Ribbit
  7297 | D:7      | Killed Prince Ribbit
  7414 | D:7      | Found Hexur's CLEARANCE SALE!.
  7418 | D:7      | Bought a wand of acid (3) for 56 gold pieces
  7524 | D:7      | Reached skill level 5 in Invocations
  7618 | D:8      | Got the Grimoire of the Sinister Entourage
  7793 | D:8      | Found an iron altar of Okawaru.
  7913 | D:8      | Reached * piety under Cheibriados
  7989 | D:8      | Reached XP level 10. HP: 73/74 MP: 17/17
  8005 | D:8      | Found a staircase to the Lair.
  8022 | D:8      | Reached skill level 5 in Short Blades
  8022 | D:8      | Reached skill level 5 in Long Blades
  8022 | D:8      | Reached skill level 5 in Axes
  8022 | D:8      | Reached skill level 5 in Maces & Flails
  8022 | D:8      | Reached skill level 5 in Polearms
  8022 | D:8      | Reached skill level 5 in Staves
  8022 | D:8      | Reached skill level 5 in Slings
  8022 | D:8      | Reached skill level 5 in Bows
  8022 | D:8      | Reached skill level 5 in Crossbows
  8022 | D:8      | Reached skill level 5 in Throwing
  8022 | D:8      | Reached skill level 5 in Shields
  8022 | D:8      | Reached skill level 5 in Unarmed Combat
  8022 | D:8      | Reached skill level 5 in Spellcasting
  8186 | Lair:1   | Entered Level 1 of the Lair of Beasts
  8537 | D:8      | Found an ancient bone altar of Kikubaaqudgha.
  8766 | D:8      | Found an opulent altar of Gozag.
  8895 | D:8      | Reached ** piety under Cheibriados
  9069 | D:9      | Noticed Joseph
  9172 | D:9      | Killed Joseph
  9233 | D:9      | Found a hazy altar of Hepliaklqana.
  9295 | D:9      | Reached *** piety under Cheibriados
  9308 | D:9      | Found a staircase to the Orcish Mines.
  9747 | D:9      | Reached XP level 11. HP: 54/83 MP: 12/19
 10012 | D:9      | Reached **** piety under Cheibriados
 10272 | D:10     | Entered Level 10 of the Dungeon
 10289 | D:10     | Reached skill level 5 in Conjurations
 10289 | D:10     | Reached skill level 5 in Hexes
 10289 | D:10     | Reached skill level 5 in Summonings
 10289 | D:10     | Reached skill level 5 in Necromancy
 10289 | D:10     | Reached skill level 5 in Translocations
 10289 | D:10     | Reached skill level 5 in Transmutations
 10289 | D:10     | Reached skill level 5 in Fire Magic
 10289 | D:10     | Reached skill level 5 in Ice Magic
 10289 | D:10     | Reached skill level 5 in Air Magic
 10289 | D:10     | Reached skill level 5 in Earth Magic
 10289 | D:10     | Reached skill level 5 in Poison Magic
 10795 | D:10     | Noticed a deep elf pyromancer
 10803 | D:10     | Killed a deep elf pyromancer
 11163 | D:10     | Found a blossoming altar of Fedhas.
 11281 | D:11     | Noticed Psyche
 11296 | D:11     | Killed Psyche
 11337 | D:11     | Noticed a two-headed ogre
 11348 | D:11     | Killed a two-headed ogre
 11371 | D:11     | Found a gate leading to a gauntlet.
 11375 | Gauntlet | Entered a Gauntlet
 11375 | Gauntlet | Found a transporter.
 11381 | Gauntlet | Found a transporter.
 11385 | Gauntlet | Found a transporter.
 11387 | Gauntlet | Noticed a soul eater
 11397 | Gauntlet | Found a transporter.
 11403 | Gauntlet | Found a runed translucent gate.
 11404 | Gauntlet | Noticed a shining eye
 11405 | Gauntlet | Found a transporter.
 11406 | Gauntlet | Found a runed translucent gate.
 11407 | Gauntlet | Found a runed translucent gate.
 11409 | Gauntlet | Found a transporter.
 11413 | Gauntlet | Noticed a large abomination
 11417 | Gauntlet | Found a transporter.
 11417 | Gauntlet | Noticed a large abomination
 11421 | Gauntlet | Found a transporter.
 11423 | Gauntlet | Noticed a quicksilver ooze
 11434 | Gauntlet | Found a transporter.
 11452 | Gauntlet | Found a transporter.
 11464 | Gauntlet | Found a transporter.
 11476 | Gauntlet | Found a transporter.
 11479 | Gauntlet | Found a transporter.
 11488 | Gauntlet | Found a transporter.
 11639 | Gauntlet | Reached ***** piety under Cheibriados
 11656 | Gauntlet | Killed a soul eater
 11746 | Gauntlet | Gained mutation: You are clumsy. (Dex -2) [a shining eye]
 11748 | Gauntlet | Gained mutation: You occasionally shout uncontrollably at
                  | your foes. [a shining eye]
 11750 | Gauntlet | Gained mutation: You frequently scream uncontrollably at
                  | your foes. [a shining eye]
 11751 | Gauntlet | Killed a shining eye
 11790 | Gauntlet | Killed a large abomination
 11791 | Gauntlet | Reached XP level 12. HP: 74/91 MP: 5/22
 11890 | Gauntlet | Killed a quicksilver ooze
 11905 | Gauntlet | Noticed a minotaur
 11925 | Gauntlet | Killed a minotaur
 12083 | Gauntlet | Identified the +0 ice dragon scales of the Garden {Harm rF-
                  | rC++ Dex+4}
 13131 | D:12     | Noticed a death knight
 13244 | D:12     | Noticed a seven-headed hydra
 13255 | D:12     | Killed a one-headed hydra
 13256 | D:12     | Reached skill level 10 in Evocations
 13268 | D:12     | Noticed a two-headed ogre
 13277 | D:12     | Killed a two-headed ogre
 13541 | D:13     | Noticed a five-headed hydra
 13541 | D:13     | Noticed a centaur warrior
 13542 | D:13     | Noticed a centaur warrior
 13544 | D:13     | Noticed a centaur warrior
 13545 | D:13     | Found a portal to a secret trove of treasure.
 13585 | D:13     | Noticed a centaur warrior
 13586 | D:13     | Noticed a death knight
 13606 | D:13     | Noticed a death knight
 13607 | D:13     | Noticed an ogre mage
 13868 | D:13     | Noticed a centaur warrior
 13894 | D:12     | Killed a centaur warrior
 13895 | D:12     | Noticed a boulder beetle
 14494 | Lair:1   | Reached XP level 13. HP: 73/98 MP: 24/24
 15341 | Lair:2   | Noticed Sonja
 15349 | Lair:2   | Killed Sonja
 15616 | Lair:2   | Found a staircase to the Snake Pit.
 16288 | Lair:3   | Identified the +6 mace of Terror {protect, *Corrode rN+
                  | Dex+3}
 16368 | Lair:3   | Noticed Snorg
 16378 | Lair:3   | Killed Snorg
 16858 | Lair:3   | Found a transporter.
 16875 | Lair:3   | Found a transporter.
 16883 | Lair:3   | Noticed generaletaddeo's ghost (journeyman HuNe)
 17377 | Lair:4   | Reached ****** piety under Cheibriados
 17564 | Lair:4   | Reached skill level 10 in Armour
 17564 | Lair:4   | Reached XP level 14. HP: 104/108 MP: 20/26
 17736 | Lair:4   | Reached skill level 10 in Invocations
 18264 | Lair:4   | Found a staircase to the Shoals.
 18900 | Lair:5   | Found a transporter.
 18900 | Lair:5   | Found the ring of the Octopus King
 18933 | Lair:5   | Noticed Nessos
 18936 | Lair:5   | Killed Nessos
 18950 | Lair:5   | Identified a scroll of acquirement
 18950 | Lair:5   | Acquired the ring "Fataf" {rN+ Str+6 Dex+2 SInv Stlth+}
 18968 | Lair:5   | Found a transporter.
 19013 | Lair:5   | Identified a ring of the Octopus King {AC+1 EV+1 Str+1
                  | Int+1 Dex+1 SInv}
 19018 | Lair:5   | Identified the +2 pair of boots of Good Intentions {Str+4}
 19213 | Lair:5   | Found a runed translucent door.
 19213 | Lair:5   | Noticed Relluig's ghost (journeyman DsFi)
 19718 | Lair:6   | Entered Level 6 of the Lair of Beasts
 19734 | Lair:6   | Reached skill level 10 in Fighting
 19734 | Lair:6   | Reached skill level 10 in Dodging
 19789 | Lair:6   | Found a frozen archway.
 19796 | Lair:6   | Reached skill level 10 in Stealth
 19807 | IceCv    | Entered an ice cave
 19903 | IceCv    | Reached XP level 15. HP: 115/115 MP: 28/28
 19997 | IceCv    | Found the +4 skin of Zhor {*Englaciate rC+++ SInv}
 20239 | IceCv    | Identified the +7 halberd of Destiny {vamp, rF+++ rC- rN++
                  | Str+3}
 20541 | Lair:6   | Reached skill level 10 in Short Blades
 20541 | Lair:6   | Reached skill level 10 in Long Blades
 20541 | Lair:6   | Reached skill level 10 in Axes
 20541 | Lair:6   | Reached skill level 10 in Maces & Flails
 20541 | Lair:6   | Reached skill level 10 in Polearms
 20541 | Lair:6   | Reached skill level 10 in Staves
 20541 | Lair:6   | Reached skill level 10 in Slings
 20541 | Lair:6   | Reached skill level 10 in Bows
 20541 | Lair:6   | Reached skill level 10 in Crossbows
 20541 | Lair:6   | Reached skill level 10 in Throwing
 20541 | Lair:6   | Reached skill level 10 in Shields
 20541 | Lair:6   | Reached skill level 10 in Unarmed Combat
 20541 | Lair:6   | Reached skill level 10 in Spellcasting
 20891 | Lair:6   | Identified the +5 scale mail of Oddyneir {Dex+3}
 21077 | Lair:6   | Found a burning altar of Makhleb.
 21166 | Lair:6   | Found a gateway to Hell.
 21540 | Orc:1    | Entered Level 1 of the Orcish Mines
 22065 | Orc:2    | Entered Level 2 of the Orcish Mines
 22065 | Orc:2    | Found Kocza's Magic Scroll Emporium.
 22065 | Orc:2    | Found Wiugol's Jewellery Shop.
 22144 | Orc:2    | Noticed an orc warlord
 22144 | Orc:2    | Noticed Nergalle
 22152 | Orc:2    | Killed Nergalle
 22263 | Orc:1    | Killed an orc warlord
 22467 | Orc:2    | Bought a scroll of enchant armour for 90 gold pieces
 22467 | Orc:2    | Bought a scroll of magic mapping for 42 gold pieces
 22467 | Orc:2    | Bought a scroll of acquirement for 624 gold pieces
 22499 | Orc:2    | Found Hassoopet's Antique Armour Boutique.
 22901 | Orc:2    | Found a staircase to the Elven Halls.
 22907 | Orc:2    | Bought a pair of brightly glowing boots for 161 gold pieces
 22907 | Orc:2    | Identified the +0 pair of boots "Rueth" {Will+ Int+5} (You
                  | bought it in a shop on level 2 of the Orcish Mines)
 23028 | Orc:2    | Found Jiyzaesh's Jewellery Emporium.
 23135 | Orc:2    | Found Conismewuo's Book Boutique.
 23188 | Orc:2    | Found Waune's General Store.
 23195 | Orc:2    | Bought a scroll of blinking for 82 gold pieces
 23203 | Orc:2    | Found Gystit's Antique Weapon Boutique.
 23211 | Orc:2    | Bought a steaming broad axe for 207 gold pieces
 23211 | Orc:2    | Identified the +1 broad axe of Painful Death {vorpal, rElec
                  | rC+} (You bought it in a shop on level 2 of the Orcish
                  | Mines)
 23352 | Orc:2    | Found a transporter.
 23452 | Orc:2    | Noticed anet's ghost (journeyman GnDe)
 23453 | Orc:2    | Found a transporter.
 23454 | Orc:2    | Identified the +9 great mace of Midwinter {speed, Stlth+}
 24560 | D:13     | Reached XP level 16. HP: 53/124 MP: 30/30
 24606 | D:13     | Found Moqyi's Elemental Accessories.
 25042 | D:13     | Found the +5 scythe "Finisher" {speed, eviscerate}
 25265 | D:13     | Identified the +0 scale mail of Ofun {rF- rC+++ Will+
                  | Int+2}
 25955 | D:14     | Found a gate to the Vaults.
 26003 | D:14     | Found a basalt altar of Yredelemnul.
 26788 | D:15     | Entered Level 15 of the Dungeon
 27065 | D:15     | Found Molinnui's Assorted Antiques.
 27478 | D:15     | Found a staircase to the Depths.
 27988 | Snake:1  | Entered Level 1 of the Snake Pit
 27992 | Snake:1  | Noticed Aizul
 28023 | Snake:1  | Killed Aizul
 28584 | Snake:2  | Found a hazy altar of Hepliaklqana.
 28599 | Snake:2  | Reached XP level 17. HP: 48/131 MP: 32/32
 29501 | Snake:1  | Acquired 495 gold pieces
 29535 | Snake:2  | Noticed Saint Roka
 29971 | Snake:1  | Killed Saint Roka
 30715 | Snake:2  | Found Asommesk's Book Boutique.
 30715 | Snake:2  | Found Onuu's Jewellery Shoppe.
 30716 | Snake:2  | Found Ownutaen's Jewellery Shoppe.
 31157 | Snake:3  | Found a shadowy altar of Dithmenos.
 31165 | Snake:3  | Noticed Vashnia
 31889 | Snake:3  | Killed Vashnia
 32214 | Snake:3  | Noticed Louise
 32248 | Snake:3  | Killed Louise
 32500 | Snake:3  | Acquired 888 gold pieces
 32826 | D:15     | Bought 2 scrolls of acquirement for 2912 gold pieces
 32828 | D:15     | Acquired 855 gold pieces
 32829 | D:15     | Acquired 757 gold pieces
 33190 | Snake:3  | Found Igepaf's Armour Shoppe.
 33192 | Snake:3  | Found Lonwoum's Magic Scroll Emporium.
 33192 | Snake:3  | Found Wuqep's Magic Scroll Shoppe.
 33195 | Snake:3  | Found Heyrcheu's Distillery.
 33204 | Snake:3  | Bought a scroll of acquirement for 988 gold pieces
 33204 | Snake:3  | Acquired 1147 gold pieces
 33208 | Snake:3  | Bought a scroll of magic mapping for 66 gold pieces
 33208 | Snake:3  | Bought a scroll of magic mapping for 66 gold pieces
 33208 | Snake:3  | Bought a scroll of teleportation for 57 gold pieces
 33211 | Snake:3  | Lost mutation: You frequently scream uncontrollably at your
                  | foes. [potion of mutation]
 33211 | Snake:3  | Lost mutation: You are clumsy. (Dex -2) [potion of
                  | mutation]
 33211 | Snake:3  | Lost mutation: You occasionally shout uncontrollably at
                  | your foes. [potion of mutation]
 33211 | Snake:3  | Gained mutation: You are somewhat resistant to further
                  | mutation. [potion of mutation]
 33215 | Snake:3  | Bought a scroll of blinking for 127 gold pieces
 33215 | Snake:3  | Bought a scroll of teleportation for 51 gold pieces
 33215 | Snake:3  | Bought a scroll of noise for 17 gold pieces
 33215 | Snake:3  | Bought a scroll of teleportation for 51 gold pieces
 33334 | Snake:3  | Found Qaset's General Store.
 33334 | Snake:3  | Found Ichuexzua's Specific Store.
 33472 | Snake:4  | Entered Level 4 of the Snake Pit
 33525 | Snake:4  | Reached skill level 10 in Conjurations
 33525 | Snake:4  | Reached skill level 10 in Hexes
 33525 | Snake:4  | Reached skill level 10 in Summonings
 33525 | Snake:4  | Reached skill level 10 in Necromancy
 33525 | Snake:4  | Reached skill level 10 in Translocations
 33525 | Snake:4  | Reached skill level 10 in Transmutations
 33525 | Snake:4  | Reached skill level 10 in Fire Magic
 33525 | Snake:4  | Reached skill level 10 in Ice Magic
 33525 | Snake:4  | Reached skill level 10 in Air Magic
 33525 | Snake:4  | Reached skill level 10 in Earth Magic
 33525 | Snake:4  | Reached skill level 10 in Poison Magic
 35443 | Snake:4  | Reached XP level 18. HP: 123/141 MP: 34/34
 38641 | Snake:4  | Got a serpentine rune of Zot
 39008 | Vaults:1 | Entered Level 1 of the Vaults
 39327 | D:14     | Learned a level 1 spell: Slow
 39330 | D:14     | Learned a level 1 spell: Magic Dart
 40641 | Vaults:1 | Reached XP level 19. HP: 103/149 MP: 35/35
 40897 | Vaults:1 | Found Xaaherr's Weapon Boutique.
 42250 | Shoals:1 | Entered Level 1 of the Shoals
 42292 | Shoals:1 | Learned a level 5 spell: Borgnjor's Vile Clutch
 42703 | Shoals:2 | Identified Roxanne's Disquisition on the Mountains
 42703 | Shoals:2 | Noticed Roxanne
 42732 | Shoals:2 | Killed from afar by Roxanne

Illustrated notes

Levels and vault maps discovered:
D:1:      shiori_shiawase, layout_basic, serial_shops, shop_statue,
          shapermc_ecumenical_altar_rom_forum, serial_glass, glass_columns_c,
          glass_columns_c, glass_columns_a, glass_columns_a
D:2:      layout_loops_cross, serial_shops, nicolae_shop_behind_doors,
          uniq_sigmund, uniq_natasha
D:3:      layout_rooms, nicolae_overflow_crystal_walls, portal_sewer_entry_a,
          nrook_mini_vaults, kennysheep_small_spiral, st_stairs_11, uniq_ijyb
D:4:      layout_loops_ring, hangedman_decor_growths, lemuel_old_faithful
D:5:      cheibrodos_quashed, layout_loops_ring, mainiacjoe_overflow_boulevard,
          led_xom_imps, ebering_ghost_gozag, minmay_shop_damaged,
          minmay_mini_ossuary
D:6:      nicolae_cairo_tiling_very_big, layout_basic, zin_academy,
          minmay_temple_entry_overgrown, uniq_crazy_yiuf_cottage, uniq_eustachio
D:7:      layout_loops_cross, lemuel_round_altar, nicolae_elyvilon_temple_path,
          lemuel_crystal_altar, nicolae_shop_clearance, uniq_duvessa,
          uniq_pikel, uniq_prince_ribbit1
D:8:      layout_basic, okawaru_ov_weapons_minmay, tgw_kikubaaqudgha,
          mainiacjoe_overflow_six_doors_small, erik_lair_island
D:9:      layout_rooms, lemuel_doored_altar, hiddenorc2_lemuel, uniq_joseph
D:10:     layout_basic, fedhas_altar_4, minivault_23
D:11:     layout_irregular_city, gauntlet_entry_generic, uniq_psyche
D:12:     layout_gridville, patterned_corridor
D:13:     minmay_the_grid_octo_2x2 [minmay_the_grid_octo_toaster,
          minmay_the_grid_octo_fan_narrow, minmay_the_grid_octo_pinwheel,
          minmay_the_grid_octo_prize_big_c], layout_stronghold,
          nicolae_trove_entry_columns, enter_bailey_2, nicolae_elemental_shop
D:14:     layout_stronghold, david_vaults_1, yredelemnul_altar_generic
D:15:     hangedman_depths_entry_civil_slaughter, layout_loops_ring,
          serial_shops, nicolae_shop_overgrown_old_shop, minmay_statues_item,
          minmay_hedge_maze
Temple:   eino_wide_crystal_templ
Lair:1:   layout_gridlike
Lair:2:   layout_regular_city, guppyfry_snake_entry_island, beast_lair_carwin_3,
          uniq_sonja
Lair:3:   layout_layer_cave, gammafunk_ghost_berserking_beasts, uniq_snorg
Lair:4:   hangedman_what_comes_after_a, layout_layer_cave,
          elwin_shoals_entry_rooms
Lair:5:   gammafunk_worm_tunnel, layout_small_grid,
          minmay_slime_entry_oklob_enclosed, gammafunk_ghost_grave, uniq_nessos
Lair:6:   evil_forest, layout_concentric_octagons, portal_ice_cave_demonic_guard
Shoals:1: layout_shoals, nzn_prometheus_bound
Shoals:2: layout_shoals, uniq_roxanne, uniq_kirke, uniq_ilsuiw
Snake:1:  layout_layer_cave, uniq_aizul
Snake:2:  layout_grid_maze, basic_altar, minmay_shop_grove, lemuel_fruit_tree,
          uniq_saint_roka
Snake:3:  layout_grid_shapes, basic_altar,
          nicolae_snake_yet_another_twisty_hallway, nicolae_specific_store,
          minmay_shoptagon, uniq_vashnia, uniq_louise
Snake:4:  snake_pit_salamanders_mu, layout_cave_town,
          nicolae_snake_guarding_the_ruins
Orc:1:    layout_caves, mines1_david
Orc:2:    grunt_orc_cross, layout_caves, serial_shops,
          nicolae_shop_hallway_stairs, nicolae_shop_advertising_works
          [nicolae_subvault_shop_adworks], shop, gammafunk_ghost_smash
Vaults:1: hangedman_vaults_stitches, hangedman_vaults_corner, v_alt_pattern_3,
          hangedman_vaults_unwind, vaults_room_large_hall,
          vaults_standard_mumra_x, v_misc_18, vaults_room_grid, v_rooms_4,
          ontoclasm_vaults_pinch, layout_vaults_ring, serial_shops, shop_statue

Skill      XL: |  1  2  3  4  5  6  7  8  9 10 11 12 13 14 15 16 17 18 19 |
---------------+----------------------------------------------------------+-----
Invocations    | 1 2 3 4 5 6 7 8 9 10 11 12 13 14 | 14.1
Short Blades   | 1 2 3 4 5 6 7 8 9 10 11 12 13 | 13.0
Long Blades    | 1 2 3 4 5 6 7 8 9 10 11 12 13 | 13.0
Axes           | 1 2 3 4 5 6 7 8 9 10 11 12 13 | 13.0
Maces & Flails | 1 2 3 4 5 6 7 8 9 10 11 12 13 | 13.0
Polearms       | 1 2 3 4 5 6 7 8 9 10 11 12 13 | 13.0
Staves         | 1 2 3 4 5 6 7 8 9 10 11 12 13 | 13.0
Slings         | 1 2 3 4 5 6 7 8 9 10 11 12 13 | 13.0
Bows           | 1 2 3 4 5 6 7 8 9 10 11 12 13 | 13.0
Crossbows      | 1 2 3 4 5 6 7 8 9 10 11 12 13 | 13.0
Throwing       | 1 2 3 4 5 6 7 8 9 10 11 12 13 | 13.0
Shields        | 1 2 3 4 5 6 7 8 9 10 11 12 13 | 13.0
Unarmed Combat | 1 2 3 4 5 6 7 8 9 10 11 12 13 | 13.0
Spellcasting   | 1 2 3 4 5 6 7 8 9 10 11 12 13 | 13.0
Conjurations   | 1 2 3 4 5 6 7 8 9 10 11 | 11.0
Hexes          | 1 2 3 4 5 6 7 8 9 10 11 | 11.0
Summonings     | 1 2 3 4 5 6 7 8 9 10 11 | 11.0
Necromancy     | 1 2 3 4 5 6 7 8 9 10 11 | 11.0
Translocations | 1 2 3 4 5 6 7 8 9 10 11 | 11.0
Transmutations | 1 2 3 4 5 6 7 8 9 10 11 | 11.0
Fire Magic     | 1 2 3 4 5 6 7 8 9 10 11 | 11.0
Ice Magic      | 1 2 3 4 5 6 7 8 9 10 11 | 11.0
Air Magic      | 1 2 3 4 5 6 7 8 9 10 11 | 11.0
Earth Magic    | 1 2 3 4 5 6 7 8 9 10 11 | 11.0
Poison Magic   | 1 2 3 4 5 6 7 8 9 10 11 | 11.0
Fighting       | 3 4 5 6 7 8 9 10 11 12 13 | 13.2
Dodging        | 3 4 5 6 7 8 9 10 11 12 13 | 13.2
Stealth        | 3 4 5 6 7 8 9 10 11 12 13 | 13.2
Armour         | 5 6 7 8 9 10 11 12 13 | 13.7
Evocations     | 7 8 9 10 11 12 13 14 | 14.4

Action                   |  1- 3 |  4- 6 |  7- 9 | 10-12 | 13-15 | 16-18 | 19-21 || total
-------------------------+-------+-------+-------+-------+-------+-------+-------++-------
Melee: Club              |   103 |       |       |       |       |       |       ||   103
       Bite              |    15 |    12 |    59 |   101 |   210 |   293 |    30 ||   720
       Short sword       |    20 |       |       |       |       |       |       ||    20
       Mace              |     9 |   129 |    10 |       |       |       |       ||   148
       Punch             |       |     1 |       |       |       |       |       ||     1
       War axe           |       |       |   274 |   493 |   992 |   422 |       ||  2181
       Demon trident     |       |       |       |       |       |  1023 |   144 ||  1167
Throw: Dart              |     2 |    32 |    15 |    19 |     7 |     1 |       ||    76
Invok: Slouch            |       |       |       |     5 |    12 |     8 |       ||    25
       Bend Time         |       |       |       |     4 |     4 |     5 |     1 ||    14
       Step From Time    |       |       |       |       |       |     3 |     1 ||     4
Evoke: Wand              |     1 |     8 |    15 |    27 |    11 |    36 |       ||    98
       Piece from Xom's  |       |       |     2 |       |       |       |       ||     2
  Use: Scroll            |     4 |     2 |    11 |    19 |     9 |    19 |       ||    64
       Potion            |       |     1 |     1 |     9 |     6 |     7 |     2 ||    26
 Stab: Sleeping          |     4 |     4 |     5 |       |       |       |       ||    13
       Invisible         |       |       |       |     3 |       |       |       ||     3
       Paralysed         |       |       |       |     3 |     2 |       |       ||     5
       Petrified         |       |       |       |       |     4 |       |       ||     4
       Distracted        |       |       |       |       |       |     2 |       ||     2
       Held in net/web   |       |       |       |       |       |     2 |       ||     2
Armor: Leather armour    |     9 |       |       |       |       |       |       ||     9
       Ring mail         |    40 |    61 |    24 |       |       |       |       ||   125
       Crystal plate arm |       |       |   147 |   429 |   604 |   514 |    50 ||  1744
Dodge: Dodged            |    95 |    70 |    23 |   101 |   451 |   629 |    92 ||  1461
Block: Kite shield       |       |    39 |   137 |   514 |   973 |  1471 |   168 ||  3302
       Reflection        |       |       |       |     9 |       |   177 |    23 ||   209

Table legend: (Time is in decaauts)
 A = Elapsed time spent in this place.
 B = Non-inter-level travel time spent in this place.
 C = Inter-level travel time spent in this place.
 D = Time resting spent in this place.
 E = Time spent auto-exploring this place.
 F = Levels seen in this place.
 G = Mean time per level.
                   A        B        C        D        E       F      G
               +--------+--------+--------+--------+--------+-----+--------+
         Total |  61067 |  55815 |   5252 |  10998 |  34147 |  34 | 1796.1 |
       Dungeon |  25125 |  22521 |   2604 |   3914 |  14134 |  15 | 1675.0 |
        Temple |     99 |     72 |     27 |      0 |     44 |   1 |   99.0 |
          Lair |  12254 |  10967 |   1287 |    314 |   8471 |   6 | 2042.3 |
        Shoals |    774 |    734 |     40 |      0 |    586 |   2 |  387.0 |
     Snake Pit |  14127 |  13125 |   1002 |   5116 |   6169 |   4 | 3531.8 |
  Orcish Mines |   3353 |   3219 |    134 |    577 |   2092 |   2 | 1676.5 |
        Vaults |   3248 |   3093 |    155 |    463 |   2120 |   1 | 3248.0 |
         Sewer |    393 |    393 |      0 |     82 |    200 |   1 |  393.0 |
      Ice Cave |    647 |    647 |      0 |    158 |    233 |   1 |  647.0 |
      Gauntlet |   1043 |   1043 |      0 |    373 |     95 |   1 | 1043.0 |
               +--------+--------+--------+--------+--------+-----+--------+

Top non-repeatable levels by time:
 Snake:4: 6351 daAuts
Vaults:1: 3248 daAuts
    D:13: 2938 daAuts
 Snake:2: 2906 daAuts
 Snake:1: 2809 daAuts
  Lair:4: 2624 daAuts
    D:14: 2457 daAuts
     D:8: 2362 daAuts
    D:12: 2184 daAuts
   Orc:2: 2082 daAuts
 Snake:3: 2059 daAuts
  Lair:2: 2024 daAuts
  Lair:3: 2022 daAuts
    D:11: 2014 daAuts
    D:15: 1955 daAuts
